Map: Simulacrum LE

Players

llllllllllll (Trap) - Winner!

  • Race: Protoss Protoss
  • League: Master
  • Spawn Location: 5:00

lllllllllll (sOs)

  • Race: Protoss Protoss
  • League: Grandmaster
  • Spawn Location: 11:00

VOD

Have the link to the VOD?

Description

Time

  • Played on: Jan. 16, 2020, 6:27 a.m.
  • Length: 7:01
Show
View Real Time Build Order
Export as new Build Order

llllllllllll Protoss - Winner!

Build Orders:  

Get SALT Encoding   

  12  0:00  Probe  
  13  0:12  Probe  
  14  0:18  Pylon  
  14  0:24  Probe (Chrono Boost)  
  15  0:36  Gateway  
  15  0:37  Probe (Chrono Boost)  
  16  0:45  Probe (Chrono Boost)  
  16  0:46  Assimilator  
  17  0:51  Probe  
  17  0:54  Assimilator  
  18  1:03  Probe (Chrono Boost)  
  19  1:07  Gateway  
  19  1:14  Probe (Chrono Boost)  
  20  1:18  Probe (Chrono Boost)  
  20  1:23  Cybernetics Core  
  21  1:29  Probe  
  22  1:33  Pylon  
  22  1:41  Probe  
  23  1:54  Probe  
  23  1:57  Warp Gate (Chrono Boost)  
  23  1:59  Sentry, Stalker  
  28  2:12  Pylon  
  28  2:25  Stalker  
  30  2:30  Stalker  
  30  2:33  Gateway  
  32  2:55  Stalker  
  34  3:00  Shield Battery, Stalker  
  36  3:15  Pylon  
  36  3:16  Shield Battery  
  36  3:24  Shield Battery  
  36  3:40  Stalker x3  
  42  3:44  Pylon  
  42  4:05  Stalker x2  
  42  4:09  Twilight Council  
  46  4:10  Probe  
  46  4:19  Sentry  
  47  4:24  Probe  
  48  4:36  Nexus  
  48  4:44  Blink (Chrono Boost)  
  48  5:02  Dark Shrine  
  48  5:04  Probe  
  49  5:07  Stalker  
  51  5:16  Stalker  
  53  5:26  Stalker  
  55  5:32  Probe  
  52  5:39  Pylon  
  52  5:49  Stalker  
  54  5:55  Pylon  
  54  5:57  Stalker  
  56  6:10  Probe x2  
  58  6:15  Dark Templar  
  60  6:22  Probe x2  
  59  6:35  Robotics Facility  
  59  6:38  Probe x2  
  61  6:48  Dark Templar  
  61  6:50  Probe x2 (Chrono Boost)  
  65  6:56  Pylon  
Show
View Real Time Build Order
Export as new Build Order

lllllllllll Protoss 

Build Orders: Oracle Opening 

Get SALT Encoding   

  12  0:00  Probe  
  13  0:13  Probe  
  14  0:17  Pylon  
  14  0:25  Probe (Chrono Boost)  
  16  0:37  Probe (Chrono Boost)  
  16  0:38  Gateway  
  16  0:42  Probe (Chrono Boost)  
  16  0:47  Assimilator  
  17  0:51  Probe  
  17  0:55  Assimilator  
  18  1:03  Probe (Chrono Boost)  
  19  1:07  Gateway  
  19  1:12  Probe (Chrono Boost)  
  19  1:17  Probe (Chrono Boost)  
  20  1:25  Cybernetics Core  
  21  1:29  Probe  
  22  1:33  Pylon  
  22  1:41  Probe  
  23  1:54  Probe  
  24  2:01  Stargate  
  24  2:04  Adept  
  24  2:06  Adept  
  28  2:14  Shield Battery  
  28  2:20  Warp Gate, Pylon  
  28  2:34  Probe  
  29  2:41  Oracle (Chrono Boost)  
  31  2:56  Nexus  
  31  3:02  Probe  
  32  3:12  Oracle  
  35  3:18  Gateway  
  35  3:31  Pylon  
  35  3:32  Shield Battery  
  33  3:41  Twilight Council  
  33  3:49  Shield Battery  
  34  3:55  Probe  
  34  4:09  Stalker x2  
  38  4:12  Pylon  
  38  4:15  Probe  
  38  4:18  Blink (Chrono Boost)  
  38  4:19  Stalker  
  39  4:31  Probe  
  39  4:35  Stalker  
  42  4:43  Probe  
  43  4:47  Stalker  
  43  4:48  Pylon  
  45  4:53  Stalker  
  47  5:06  Probe  
  48  5:07  Stalker  
  50  5:22  Nexus  
  50  5:34  Probe  
  51  5:41  Pylon  
  51  5:48  Probe  
  52  5:50  Forge  
  52  6:01  Probe  
  53  6:08  Stalker x2  
  53  6:10  Stalker  
  59  6:13  Probe  
  60  6:25  Probe  
  58  6:35  Stalker x2  
  62  6:41  Stalker  
  64  6:48  Shield Battery  
Tags
 
Add a new tag
Caveats
  • Supply blocks, unpowered buildings, or Contaminate may cause inaccurate times.
  • Supply counts are checked every 10 seconds.